[Event "Srdja Dragasevic Memorial-A 2024"]
[Site "Cetinje"]
[Date "2024.06.28"]
[Round "8.1"]
[White "Karthik Venkataraman"]
[Black "Petrov, Nikita"]
[Result "0-1"]
[ECO "C48"]
[WhiteElo "2590"]
[BlackElo "2566"]
[Annotator "TA"]
[PlyCount "82"]
[EventDate "2024.06.23"]
[EventType "swiss"]
[EventCountry "MNE"]
[SourceTitle "playchess.com"]
[Source "ChessBase"]
[SourceQuality "1"]
[TimeControl "40/5400+30:1800+30"]

1. e4 e5 2. Nf3 Nc6 3. Nc3 Nf6 4. Bb5 Nd4 5. O-O c6 6. Bc4 {[%emt 0:00:09] C48: Four Knights: 4 Bb5, replies other than 4...Bb4.} d6 7. a4 $146 ({Predecessor:} 7. h3 b5 8. Bd3 Nxf3+ 9. Qxf3 g5 10. Be2 g4 11. hxg4 Bxg4 12. Qe3 b4 13. Bxg4 Nxg4 {0-1 Duda,J (2738)-So,W (2772) Aimchess US Rapid Prelim 2021 (2)}) 7... Bg4 {[%emt 0:06:32] Strongly threatening ...Bxf3.} 8. Be2 Nxe2+ 9. Qxe2 Be7 10. h3 Bxf3 11. Qxf3 O-O 12. d3 Nd7 13. Be3 Bg5 14. a5 Bxe3 15. Qxe3 Nc5 16. f4 exf4 17. Rxf4 Ne6 18. Rf2 b5 19. axb6 axb6 20. Rff1 (20. Rxa8 Qxa8 21. Kh2 (21. Qxb6 Rb8 $11) 21... b5) 20... b5 21. Ne2 Rxa1 22. Rxa1 d5 23. e5 d4 24. Qe4 c5 25. Nf4 Nxf4 26. Qxf4 Qd5 27. Ra7 Re8 28. Rc7 h6 29. e6 Qxe6 30. Rxc5 Qe1+ 31. Kh2 Qe3 $1 32. Qf3 b4 33. b3 Qe7 34. Rc4 g5 35. Qg3 (35. Rxd4 $2 {perishes.} Qe5+ 36. g3 Qxd4 $19) 35... Qf6 {[%emt 0:00:36] ...Re3 would now be deadly.} 36. Qf3 (36. Rxb4 $2 {loses.} Re3 37. Qb8+ Kh7 $19) 36... Qd6+ 37. Qg3 Qf6 {[%emt 0:00:03] aiming for ...Re3.} 38. Rxb4 $2 {[%emt 0:15:25][%mdl 8192] [#]} (38. Qf3 $11 Qd6+ 39. Qg3 Qf6) 38... Re3 $1 $19 39. Qc7 {[%emt 0:00:01] [#]} g4 $1 {[%emt 0:04:22][%mdl 512] ( -> ...Kg7)} 40. Rb8+ (40. Ra4 g3+) 40... Kg7 41. Rb5 Qf2 0-1

[Event "Srdja Dragasevic Memorial-A 2024"]
[Site "Cetinje"]
[Date "2024.06.28"]
[Round "8.2"]
[White "Djukic, Nikola"]
[Black "Mammadova, Narmin"]
[Result "1/2-1/2"]
[ECO "C42"]
[WhiteElo "2532"]
[BlackElo "2277"]
[Annotator "TA"]
[PlyCount "77"]
[EventDate "2024.06.23"]
[EventType "swiss"]
[EventCountry "MNE"]
[SourceTitle "playchess.com"]
[Source "ChessBase"]
[SourceQuality "1"]
[TimeControl "40/5400+30:1800+30"]

1. e4 e5 2. Nf3 Nf6 3. Nxe5 d6 4. Nf3 Nxe4 5. Bd3 Nf6 6. h3 Be7 7. O-O O-O 8. c3 d5 9. Bc2 c6 10. Re1 {[%emt 0:03:55] White is slightly better.} Nbd7 11. d4 Bd6 {[%emt 0:01:11] Prevents Bf4} 12. Nbd2 Re8 {[%emt 0:02:45] Dodges Ne5} 13. a4 a5 14. b3 b6 15. Bb2 Ba6 16. c4 Qc7 17. Bd3 Rxe1+ 18. Nxe1 Qb7 19. Nc2 Re8 20. Ne3 c5 21. Nf3 cxd4 {[%emt 0:03:50] The position is equal.} 22. Bxd4 dxc4 23. Nxc4 Bb4 24. Rc1 h6 25. Rc2 Qb8 26. Re2 Rxe2 27. Qxe2 Bc5 28. Bb2 Bb7 29. Nfe5 {[%emt 0:01:03] [#] Hoping for Nxd7.} Qe8 30. Qd1 Qe6 31. Bc2 Nxe5 32. Nxe5 Bd5 33. Bd4 (33. Qd3 {is more complex.} h5 34. Qg3 Bb7 35. Qg5) 33... Bxd4 34. Qxd4 g6 35. Qe3 Kg7 36. Qc3 Kg8 37. Qe3 Kg7 38. Qc3 Kg8 39. Qe3 {[%emt 0:01:06] A balanced but interesting game.   Weighted Error Value: White=0.04 (flawless) /Black=0.05 (flawless) .  Inaccurate:     	White=1     	Black=2      OK:         	White=6     	Black=14} 1/2-1/2

[Event "Srdja Dragasevic Memorial-A 2024"]
[Site "Cetinje"]
[Date "2024.06.28"]
[Round "8.3"]
[White "Yaksin, Oleg"]
[Black "Saraci, Nderim"]
[Result "0-1"]
[ECO "A34"]
[WhiteElo "2389"]
[BlackElo "2449"]
[Annotator "TA"]
[PlyCount "96"]
[EventDate "2024.06.23"]
[EventType "swiss"]
[EventCountry "MNE"]
[SourceTitle "playchess.com"]
[Source "ChessBase"]
[SourceQuality "1"]
[TimeControl "40/5400+30:1800+30"]

1. Nf3 Nf6 2. g3 c5 3. c4 Nc6 4. Bg2 d5 5. cxd5 Nxd5 6. Nc3 Nc7 7. a3 e6 8. O-O Be7 9. d3 O-O {[%emt 0:01:46] The position is equal.} 10. Bf4 Nd5 11. Nxd5 exd5 12. d4 c4 13. b3 b5 14. bxc4 bxc4 15. Ne5 (15. Nd2 $5) 15... Nxe5 16. Bxe5 Be6 17. Qa4 g5 18. e4 dxe4 19. Bxe4 {[%emt 0:00:15] d5 is the strong threat.} Bd5 $1 {[%emt 0:00:40] [#]} 20. Bc7 $1 Qxc7 21. Bxd5 Rac8 22. Qc2 c3 23. Qf5 {[%emt 0:00:40] Intending Be4 and mate. Black is weak on the light squares} Qd6 24. Be4 Qh6 25. Rfb1 Rc7 26. Rb3 Bf6 27. Rd1 Re8 28. Bc2 Qg6 29. Qb5 {[%emt 0:00:32] Dodges Re2} Qxc2 30. Qxe8+ Kg7 31. Rbb1 {[%emt 0:00:24] [#]} Bxd4 $1 32. Rf1 Qf5 (32... Bxf2+ $1 $15 33. Kh1 Qd3 34. Qe5+ Kg6) 33. Rbc1 $2 {[%emt 0:00:40][%mdl 8192] Black converts the advantage convincingly.} (33. Rb5 $1 $11 {and White stays safe.} Bc5 34. Qe2) 33... c2 $19 34. Qd8 (34. Qe2 $142) 34... Rd7 {[%emt 0:00:28] Active counter play!} 35. Qe8 {[%emt 0:00:18] [#]} (35. Qb8 $142 Bb6 36. Qa8) 35... Bxf2+ $1 36. Rxf2 Rd1+ 37. Qe1 Qd3 38. Qf1 Rxf1+ 39. Rcxf1 {[%emt 0:00:24][%mdl 4096] Endgame. KQ-KRR} f5 (39... Qxa3 40. Rxc2 a5 41. Rcf2 $17) 40. Rc1 Qd1+ (40... Qxa3 41. Rcxc2 Qa1+ 42. Kg2 $17) 41. Rf1 Qd2 42. a4 a5 {[%emt 0:00:47] ...f4 would now be deadly.} 43. h3 f4 {[%emt 0:06:47] Black mates.} 44. gxf4 gxf4 45. Kh1 {[%emt 0:00:59] [#]} f3 $1 46. Rg1+ (46. Rxc2 Qxc2) 46... Kf6 47. Rcf1 f2 48. Kg2 {[%emt 0:00:12] [#]} c1=Q $1 {[%emt 0:00:17][%mdl 512] Weighted Error Value: White=0.87/Black=0.04 (flawless) .  Loses game:     	White=1     	---        Missed win:     	---       	Black=1      Mistake:       	White=2     	Black=1      Inaccurate:     	White=4     	Black=3      OK:         	White=12    	Black=12     Best:        	White=2     	Black=3      Strong:       	---       	Black=1      Brilliant:      	---       	Black=1} 0-1

[Event "Srdja Dragasevic Memorial-A 2024"]
[Site "Cetinje"]
[Date "2024.06.28"]
[Round "8.4"]
[White "Milanovic, Danilo"]
[Black "Sukovic, Andrej"]
[Result "1-0"]
[ECO "E48"]
[WhiteElo "2438"]
[BlackElo "2350"]
[Annotator "TA"]
[PlyCount "83"]
[EventDate "2024.06.23"]
[EventType "swiss"]
[EventCountry "MNE"]
[SourceTitle "playchess.com"]
[Source "ChessBase"]
[SourceQuality "1"]
[TimeControl "40/5400+30:1800+30"]

1. d4 e6 2. c4 Nf6 3. Nc3 Bb4 4. e3 O-O 5. Bd3 Re8 6. Nge2 d5 7. cxd5 exd5 8. O-O {[%emt 0:00:09] 8.0-0 is better than 8.Bd2.} Nbd7 {[%emt 0:00:17] E48: Nimzo-Indian: Rubinstein: 5 Bd3 d5 including 6 Ne2, but excluding 6 a3.} 9. Qb3 Bd6 10. f3 (10. Nxd5 $14 Nxd5 11. Qxd5) 10... c5 (10... c6 $11) 11. Qc2 (11. Nxd5 $14 cxd4 12. Nxf6+ (12. Nxd4 Nc5 $11) (12. exd4 Nxd5 13. Qxd5 Nc5 $15) 12... Qxf6 13. exd4 (13. Nxd4 Nc5 $11)) 11... a6 $15 12. Bd2 $146 ({Predecessor:} 12. g4 c4 13. Bf5 g6 14. Bxd7 Bxd7 15. g5 Bf5 16. Qd1 Nh5 17. f4 Bf8 18. Ng3 Nxg3 19. hxg3 {½-½ Tilicheev,V (2487)-Injac,T (2439) SRB-ch sf Paracin 2024 (6)}) 12... Qc7 13. h3 g6 14. Qd1 b5 15. a3 Nb6 16. b4 cxd4 17. exd4 Nh5 $1 18. Rc1 Qb8 19. Rf2 Ra7 20. g4 Nf4 21. Nxf4 Bxf4 22. Ne2 (22. Bxf4 $15 Qxf4 23. Ne2) 22... Bd6 23. Bg5 Rd7 ({Better is} 23... Nc4 $17 24. f4 Be7 (24... Nxa3 25. Nc3 $11)) 24. Rc3 Bb7 25. f4 Be7 26. Bxe7 (26. Qc1 $11) 26... Rdxe7 $17 27. f5 Re3 (27... Nc4 $1 $17 28. fxg6 hxg6 (28... fxg6 29. Qc1 $17)) 28. Qc1 (28. fxg6 $15 hxg6 29. Qf1) 28... Na4 $2 (28... Rxh3 $2 29. fxg6 fxg6 (29... hxg6 $2 30. Bxg6 Rxc3 31. Bxf7+ Kh7 32. Qxc3 $18) 30. Bxg6 Rxc3 31. Bf7+ Kh8 32. Qxc3 $18 (32. Nxc3 $2 Qg3+ 33. Kf1 Qh3+ 34. Kg1 Qxg4+ 35. Kf1 Qh4 $19)) (28... Nc4 $17 {aiming for ...Qd6.} 29. Qf1 (29. Bxc4 $2 Rxc3 30. Qxc3 dxc4 $19) 29... Qd8 30. fxg6 fxg6) 29. fxg6 hxg6 (29... fxg6 $16 30. Rc7 R8e7 (30... Rxd3 $2 {loses.} 31. Rff7 $18) 31. Rxe7 Rxe7) 30. Rc7 $1 $18 R3e7 (30... Rxd3 $2 {perishes.} 31. Rfxf7 $18) 31. Rxe7 Rxe7 32. Qg5 $1 Qd6 $2 (32... Qe8 {was worth a try.} 33. Nf4 Re1+ 34. Kg2 Qe7) 33. Nf4 Nc3 34. Nh5 Re1+ 35. Kg2 Ne4 36. Nf6+ $2 (36. Bxe4 $1 $18 {[%cal Og5h6] White threatens Qh6! and mate.} dxe4 37. Nf6+ Kf8 38. d5) 36... Kf8 $2 (36... Qxf6 $1 $11 {and Black has nothing to worry.} 37. Qxf6 Nxf6 38. Rxf6 Rc1) 37. Bxe4 $18 dxe4 38. d5 e3 39. Rf4 $1 Rd1 $2 {[%emt 0:02:31] [#]} (39... Re2+ 40. Kg1 Re1+ 41. Kg2 Re2+ 42. Kf3 Rh2 43. Qh6+ Ke7 44. Re4+ Kxf6 45. g5+ Kf5) 40. Qh6+ $1 $18 Ke7 {[%emt 0:00:00] [#]} 41. Re4+ $1 Kxf6 42. Qh8+ 1-0

[Event "Srdja Dragasevic Memorial-A 2024"]
[Site "Cetinje"]
[Date "2024.06.28"]
[Round "8.5"]
[White "Mammadov, Zaur"]
[Black "Kosic, Dragan"]
[Result "1-0"]
[ECO "C02"]
[WhiteElo "2426"]
[BlackElo "2382"]
[Annotator "RC"]
[PlyCount "79"]
[EventDate "2024.06.23"]
[EventType "swiss"]
[EventCountry "MNE"]
[SourceTitle "playchess.com"]
[Source "ChessBase"]
[SourceQuality "1"]
[TimeControl "40/5400+30:1800+30"]

1. e4 e6 2. d4 d5 3. e5 c5 4. c3 Nc6 5. Nf3 Bd7 6. Na3 Qb6 7. Nc2 cxd4 8. cxd4 Nb4 9. Ne3 Bb5 10. a3 Bxf1 11. Kxf1 Nc6 12. g3 Nge7 13. h4 Na5 14. b4 Nc4 15. Kg2 Rc8 16. h5 h6 17. Rb1 Qb5 18. a4 Qd7 19. b5 b6 20. Ne1 Nxe3+ 21. fxe3 g6 22. hxg6 fxg6 23. Qd3 Rc4 24. Nf3 Rxa4 25. g4 Bg7 26. Ba3 g5 27. Rbf1 Rf8 28. Bd6 Rf7 29. Nd2 Ra2 30. Kg3 Nc8 31. Bb4 Bf8 32. Rxf7 Qxf7 33. Rf1 Qxf1 34. Nxf1 Bxb4 35. Qb1 Ra4 36. Kf3 Ba5 37. Ng3 Ra3 38. Qg6+ Kd7 39. Qf7+ Ne7 40. Nh5 1-0

[Event "Srdja Dragasevic Memorial-A 2024"]
[Site "Cetinje"]
[Date "2024.06.28"]
[Round "8.6"]
[White "Kalezic, Blazo"]
[Black "Skvortsov, Andrei"]
[Result "0-1"]
[ECO "B01"]
[WhiteElo "2398"]
[BlackElo "2331"]
[Annotator "RC"]
[PlyCount "140"]
[EventDate "2024.06.23"]
[EventType "swiss"]
[EventCountry "MNE"]
[SourceTitle "playchess.com"]
[Source "ChessBase"]
[SourceQuality "1"]
[TimeControl "40/5400+30:1800+30"]

1. e4 d5 2. exd5 Qxd5 3. Nc3 Qe5+ 4. Be2 Bg4 5. d4 Bxe2 6. Ngxe2 Qa5 7. O-O Nf6 8. b4 Qf5 9. Ng3 Qg4 10. Qxg4 Nxg4 11. Nce4 Nd7 12. Bf4 e5 13. dxe5 Bxb4 14. Rab1 Ba5 15. Rb5 Bb6 16. h3 Nh6 17. Rd1 O-O-O 18. Rbd5 Nc5 19. Nxc5 Bxc5 20. Ne4 Rxd5 21. Rxd5 Be7 22. Bxh6 gxh6 23. f4 Re8 24. Kf2 b6 25. Kf3 Ba3 26. g4 Re6 27. Ke2 Bc1 28. Kf3 Rc6 29. c3 Ba3 30. h4 Be7 31. h5 a6 32. Ke2 b5 33. Kd3 Re6 34. f5 Rb6 35. f6 Bf8 36. g5 Re6 37. Nc5 Bxc5 38. g6 hxg6 39. hxg6 Bf8 40. g7 Bxg7 41. fxg7 Rg6 42. Ke4 Rxg7 43. Rd3 Rg4+ 44. Kf5 Rg6 45. a4 bxa4 46. Rd4 a3 47. Ra4 Rc6 48. Rxa3 Kd7 49. c4 Ke7 50. Ra4 Rg6 51. c5 h5 52. Rh4 Rh6 53. Kg5 Rc6 54. Rxh5 Rxc5 55. Kf4 Rc6 56. Rh8 Rc4+ 57. Kf5 a5 58. Ra8 a4 59. Ra6 Rh4 60. Kg5 Rb4 61. Kf5 Ke8 62. Ra8+ Kd7 63. Rf8 a3 64. Rxf7+ Kc6 65. Rf6+ Kb7 66. e6 Rb5+ 67. Kg6 a2 68. Rf1 Rb1 69. e7 a1=Q 70. e8=Q Rb6+ 0-1

[Event "Srdja Dragasevic Memorial-A 2024"]
[Site "Cetinje"]
[Date "2024.06.28"]
[Round "8.7"]
[White "Xie, Bryan"]
[Black "Pecurica, Milos"]
[Result "0-1"]
[ECO "C02"]
[WhiteElo "2281"]
[BlackElo "2338"]
[Annotator "RC"]
[PlyCount "86"]
[EventDate "2024.06.23"]
[EventType "swiss"]
[EventCountry "MNE"]
[SourceTitle "playchess.com"]
[Source "ChessBase"]
[SourceQuality "1"]
[TimeControl "40/5400+30:1800+30"]

1. e4 e6 2. d4 d5 3. e5 c5 4. c3 Nc6 5. Nf3 Qb6 6. a3 c4 7. Nbd2 Na5 8. Be2 Bd7 9. Rb1 Ne7 10. h4 O-O-O 11. h5 h6 12. Nf1 Kb8 13. Bf4 a6 14. N3d2 Ka7 15. Ne3 f5 16. exf6 gxf6 17. Ng4 Bg7 18. Nf1 Nb3 19. Ng3 Ka8 20. Be3 Qc7 21. f4 Rhg8 22. O-O f5 23. Nh2 Bxd4 24. Bxd4 Rxg3 25. Bf6 Qc5+ 26. Kh1 Rdg8 27. Bf3 Nc6 28. Re1 Qd6 29. Nf1 Qxf4 30. Nxg3 Rxg3 31. Bxd5 exd5 32. Qxd5 Nb8 33. Qe5 Qg4 34. Qe2 Qg8 35. Be5 Rxg2 36. Rg1 Rxe2 37. Rxg8 Bc6+ 38. Kg1 Rxe5 39. Rd1 Ka7 40. Rd6 Re2 41. Rxh6 Nd2 42. Rhh8 Nf3+ 43. Kf1 Rh2 0-1

[Event "Srdja Dragasevic Memorial-A 2024"]
[Site "Cetinje"]
[Date "2024.06.28"]
[Round "8.8"]
[White "Tadic, Stefan"]
[Black "Abdulkarimli, Eljan"]
[Result "1-0"]
[ECO "D94"]
[WhiteElo "2421"]
[BlackElo "2124"]
[Annotator "RC"]
[PlyCount "65"]
[EventDate "2024.06.23"]
[EventType "swiss"]
[EventCountry "MNE"]
[SourceTitle "playchess.com"]
[Source "ChessBase"]
[SourceQuality "1"]
[TimeControl "40/5400+30:1800+30"]

1. c4 c6 2. Nf3 d5 3. e3 Nf6 4. Nc3 g6 5. d4 Bg7 6. Be2 O-O 7. O-O Ne4 8. Qb3 e6 9. Nxe4 dxe4 10. Nd2 f5 11. c5 Kh8 12. Nc4 Qe7 13. Bd2 Nd7 14. Bc3 Nf6 15. f3 exf3 16. Bxf3 Nd5 17. Be1 f4 18. Rd1 e5 19. Bxd5 cxd5 20. Nxe5 Bxe5 21. dxe5 f3 22. Rxf3 Rxf3 23. gxf3 Be6 24. Qc3 Rf8 25. f4 g5 26. Qd4 Qf7 27. Bg3 h5 28. fxg5 Qf3 29. Bf4 Bf5 30. Rf1 Qe2 31. e6+ Kh7 32. e7 Be4 33. Qxe4+ 1-0

[Event "Srdja Dragasevic Memorial-A 2024"]
[Site "Cetinje"]
[Date "2024.06.28"]
[Round "8.9"]
[White "Damljanovic, Branko"]
[Black "Willy, Stephen"]
[Result "1-0"]
[ECO "A13"]
[WhiteElo "2364"]
[BlackElo "2046"]
[Annotator "RC"]
[PlyCount "126"]
[EventDate "2024.06.23"]
[EventType "swiss"]
[EventCountry "MNE"]
[SourceTitle "playchess.com"]
[Source "ChessBase"]
[SourceQuality "1"]
[TimeControl "40/5400+30:1800+30"]

1. Nf3 d5 2. g3 Nf6 3. Bg2 c5 4. O-O e6 5. c4 d4 6. e3 Nc6 7. exd4 cxd4 8. d3 h6 9. a3 a5 10. Nbd2 Bd6 11. Rb1 O-O 12. Ne1 e5 13. Nc2 a4 14. Ne4 Nxe4 15. Bxe4 Bh3 16. Re1 f5 17. Bd5+ Kh7 18. b4 axb3 19. Rxb3 Ra7 20. Bd2 Qf6 21. Bb4 f4 22. Bxd6 fxg3 23. hxg3 Qxd6 24. Qh5 Bf5 25. Be4 Bxe4 26. Rxe4 Qf6 27. Qe2 Rf7 28. Rb1 Ra8 29. Rf1 Ra5 30. Rb1 Ra8 31. Rb2 Qg5 32. Qd1 Raf8 33. Ne1 Nd8 34. Qg4 Qc1 35. Ree2 Nc6 36. Qe4+ Kh8 37. Rec2 Qg5 38. Ng2 Qe7 39. Nh4 Qxa3 40. Ng6+ Kg8 41. Nxf8 Qxf8 42. Rb5 Qa3 43. Rcb2 Qa6 44. Kg2 Qa8 45. Qd5 Kf8 46. Rb6 Qc8 47. Ra2 Kg8 48. Rb1 g6 49. Qe4 Kg7 50. Rb5 Qd8 51. Rab2 Qc8 52. Rd5 Qc7 53. Rb1 Re7 54. c5 Qc8 55. Rd6 Qe8 56. Rxb7 Rxb7 57. Rxc6 Re7 58. Rb6 Re6 59. Qd5 Kf6 60. c6 Qc8 61. f4 exf4 62. Qxd4+ Ke7 63. Rb7+ Ke8 1-0

[Event "Srdja Dragasevic Memorial-A 2024"]
[Site "Cetinje"]
[Date "2024.06.28"]
[Round "8.10"]
[White "Atakisi, Umut"]
[Black "Engin, Onur Cinar"]
[Result "0-1"]
[ECO "D78"]
[WhiteElo "2335"]
[BlackElo "2114"]
[Annotator "RC"]
[PlyCount "64"]
[EventDate "2024.06.23"]
[EventType "swiss"]
[EventCountry "MNE"]
[SourceTitle "playchess.com"]
[Source "ChessBase"]
[SourceQuality "1"]
[TimeControl "40/5400+30:1800+30"]

1. c4 c6 2. g3 d5 3. Nf3 Nf6 4. Bg2 g6 5. O-O Bg7 6. b3 Ne4 7. d4 O-O 8. Bb2 Be6 9. Nc3 Nxc3 10. Bxc3 dxc4 11. Ng5 Bg4 12. h3 e5 13. Bb4 Re8 14. Ne4 Be6 15. Nd6 Na6 16. Ba3 exd4 17. bxc4 Qa5 18. Qc1 d3 19. Nxe8 Rxe8 20. Bb2 d2 21. Qc2 Bxb2 22. Qxb2 Bxc4 23. Qxb7 Bxe2 24. Qxc6 Rd8 25. Bf3 Nb4 26. Qc3 Bxf1 27. Rxf1 Qa4 28. Bd1 Nxa2 29. Qb2 Qa5 30. Bb3 Nc3 31. Bd1 Qe5 32. Qc2 a5 0-1

[Event "Srdja Dragasevic Memorial-A 2024"]
[Site "Cetinje"]
[Date "2024.06.28"]
[Round "8.11"]
[White "Guleryuz, Kuzey"]
[Black "Vujovic, Savo"]
[Result "1/2-1/2"]
[ECO "C54"]
[WhiteElo "1971"]
[BlackElo "2230"]
[Annotator "RC"]
[PlyCount "76"]
[EventDate "2024.06.23"]
[EventType "swiss"]
[EventCountry "MNE"]
[SourceTitle "playchess.com"]
[Source "ChessBase"]
[SourceQuality "1"]
[TimeControl "40/5400+30:1800+30"]

1. e4 e5 2. Nf3 Nc6 3. Bc4 Bc5 4. c3 Nf6 5. d4 exd4 6. e5 d5 7. Bb5 Ne4 8. cxd4 Bb6 9. Nc3 O-O 10. O-O Bg4 11. Be3 f5 12. exf6 Nxf6 13. Be2 Qd6 14. h3 Bh5 15. Re1 Rae8 16. Rc1 Kh8 17. Qa4 Ng8 18. Ne5 Bxe2 19. Rxe2 Nxe5 20. dxe5 Qd8 21. Bxb6 axb6 22. Rd1 c6 23. b4 b5 24. Qa7 Qc7 25. Qc5 Qe7 26. Qd4 Nh6 27. g4 Rf3 28. Kg2 Qh4 29. Rh1 Ref8 30. e6 Nf5 31. Qe5 Ne3+ 32. Kg1 Nc4 33. Qd4 Rxh3 34. Rxh3 Qxh3 35. e7 Re8 36. Qf4 h6 37. Qf8+ Kh7 38. Qxe8 Qxg4+ 1/2-1/2

[Event "Srdja Dragasevic Memorial-A 2024"]
[Site "Cetinje"]
[Date "2024.06.28"]
[Round "8.12"]
[White "Hart, Alexander"]
[Black "Tomic, Aleksandar"]
[Result "0-1"]
[ECO "E51"]
[WhiteElo "1949"]
[BlackElo "2388"]
[Annotator "RC"]
[PlyCount "68"]
[EventDate "2024.06.23"]
[EventType "swiss"]
[EventCountry "MNE"]
[SourceTitle "playchess.com"]
[Source "ChessBase"]
[SourceQuality "1"]
[TimeControl "40/5400+30:1800+30"]

1. d4 Nf6 2. c4 e6 3. Nc3 Bb4 4. Bd2 d5 5. e3 O-O 6. Nf3 b6 7. cxd5 exd5 8. Be2 a6 9. O-O Qe7 10. Rc1 Bd6 11. Qb3 Bb7 12. Rfd1 Nbd7 13. g3 Rab8 14. Bf1 c5 15. Bg2 c4 16. Qc2 b5 17. Ne2 Ne4 18. Be1 Ndf6 19. Nd2 Nxd2 20. Bxd2 b4 21. Nf4 a5 22. Be1 Rfe8 23. Qe2 Bxf4 24. gxf4 Bc8 25. Bf3 Bf5 26. Qf1 Bg4 27. Qg2 Qd7 28. Bxg4 Nxg4 29. Rd2 Rb6 30. Kh1 Rh6 31. h3 Rxh3+ 32. Kg1 Rh6 33. Kf1 Rxe3 34. Re2 Nh2+ 0-1

[Event "Srdja Dragasevic Memorial-A 2024"]
[Site "Cetinje"]
[Date "2024.06.28"]
[Round "8.13"]
[White "Pogorelskikh, Sofia"]
[Black "Vujosevic, Vladimir"]
[Result "1-0"]
[ECO "B07"]
[WhiteElo "2216"]
[BlackElo "2306"]
[Annotator "RC"]
[PlyCount "77"]
[EventDate "2024.06.23"]
[EventType "swiss"]
[EventCountry "MNE"]
[SourceTitle "playchess.com"]
[Source "ChessBase"]
[SourceQuality "1"]
[TimeControl "40/5400+30:1800+30"]

1. e4 d6 2. d4 Nf6 3. Nc3 c6 4. a4 Qa5 5. Bd3 e5 6. Nge2 Be7 7. O-O Nbd7 8. Bd2 Qc7 9. b4 O-O 10. Qb1 d5 11. exd5 cxd5 12. Nb5 Qd8 13. c3 e4 14. Bc2 a6 15. Na3 b6 16. c4 Bb7 17. cxd5 Qc7 18. Rc1 Bxd5 19. Bxe4 Qb7 20. Bxd5 Nxd5 21. Nc4 N7f6 22. b5 a5 23. Ne5 Bd6 24. Nc6 Qd7 25. Qd3 Rfe8 26. Ng3 Bxg3 27. hxg3 Re6 28. Ne5 Qe7 29. Rc6 Rxc6 30. bxc6 Qd6 31. Rc1 Ne8 32. Qf5 Qc7 33. Nd7 Qd6 34. Bf4 Qe6 35. Qxe6 fxe6 36. Bb8 Kf7 37. c7 Ndxc7 38. Bxc7 Rc8 39. Bf4 1-0

[Event "Srdja Dragasevic Memorial-A 2024"]
[Site "Cetinje"]
[Date "2024.06.28"]
[Round "8.14"]
[White "Asllani, Muhamet"]
[Black "Alimpic, Aleksa"]
[Result "1-0"]
[ECO "D20"]
[WhiteElo "2219"]
[BlackElo "2281"]
[Annotator "RC"]
[PlyCount "93"]
[EventDate "2024.06.23"]
[EventType "swiss"]
[EventCountry "MNE"]
[SourceTitle "playchess.com"]
[Source "ChessBase"]
[SourceQuality "1"]
[TimeControl "40/5400+30:1800+30"]

1. d4 d5 2. c4 dxc4 3. Nc3 e5 4. d5 Nf6 5. Bg5 Nbd7 6. e4 h6 7. Bh4 g5 8. Bg3 b5 9. Qc2 a6 10. Nf3 Bd6 11. Be2 Qe7 12. a4 Rb8 13. axb5 axb5 14. Nd2 Nc5 15. h4 Rg8 16. hxg5 hxg5 17. Nd1 Bd7 18. Ne3 Kf8 19. f3 Kg7 20. Bf2 Rh8 21. Rxh8 Rxh8 22. g4 Rh1+ 23. Nef1 Na4 24. b3 cxb3 25. Qxb3 Bc5 26. Rc1 Qd6 27. Bxc5 Nxc5 28. Qe3 Na4 29. Qxg5+ Kf8 30. Kf2 Qb6+ 31. Qe3 Qxe3+ 32. Kxe3 Ne8 33. Nb3 Ke7 34. Na5 Rh6 35. Ng3 Ra6 36. Nc6+ Bxc6 37. Nf5+ Kf6 38. dxc6 Rb6 39. f4 Ke6 40. Rh1 Nc3 41. Rh6+ Nf6 42. Bd3 Rxc6 43. g5 exf4+ 44. Kxf4 Kd7 45. gxf6 b4 46. e5 b3 47. Nd4 1-0

[Event "Srdja Dragasevic Memorial-A 2024"]
[Site "Cetinje"]
[Date "2024.06.28"]
[Round "8.15"]
[White "Miletic, Vuk"]
[Black "Ivanovic, Bozidar"]
[Result "1/2-1/2"]
[ECO "A43"]
[WhiteElo "2193"]
[BlackElo "2371"]
[Annotator "RC"]
[PlyCount "104"]
[EventDate "2024.06.23"]
[EventType "swiss"]
[EventCountry "MNE"]
[SourceTitle "playchess.com"]
[Source "ChessBase"]
[SourceQuality "1"]
[TimeControl "40/5400+30:1800+30"]

1. d4 Nf6 2. Nf3 c5 3. d5 e6 4. Nc3 exd5 5. Nxd5 Nc6 6. e4 d6 7. c3 Be7 8. Bc4 O-O 9. Nxf6+ Bxf6 10. O-O Re8 11. Qd3 Qe7 12. Bd5 Be6 13. Bf4 Rad8 14. Rfe1 Be5 15. Bg5 f6 16. Be3 Qf7 17. Nd2 g5 18. Nc4 Kg7 19. g3 g4 20. Rad1 b5 21. Bxc6 Bxc4 22. Qd2 Re7 23. b3 Be6 24. Bxb5 Rb8 25. Bf1 h5 26. Bf4 Rb6 27. Bg2 a5 28. Bxe5 dxe5 29. Qd8 Reb7 30. Rd2 Rb8 31. Qd3 c4 32. bxc4 Bxc4 33. Qe3 Bxa2 34. f4 Rb1 35. fxe5 Rxe1+ 36. Qxe1 Rb1 37. Rd1 Qb3 38. exf6+ Kf7 39. Rxb1 Qxb1 40. Qxb1 Bxb1 41. e5 Ba2 42. Kf2 Ke6 43. f7 Kxf7 44. Ke3 a4 45. Kd2 a3 46. Kc2 Ke6 47. Be4 Kxe5 48. Bg6 h4 49. gxh4 Bc4 50. Kb1 Kf4 51. Bh5 g3 52. hxg3+ Kxg3 1/2-1/2

[Event "Srdja Dragasevic Memorial-A 2024"]
[Site "Cetinje"]
[Date "2024.06.28"]
[Round "8.16"]
[White "Holland, James P"]
[Black "Levi, Netanel"]
[Result "0-1"]
[ECO "A46"]
[WhiteElo "2252"]
[BlackElo "2152"]
[Annotator "RC"]
[PlyCount "88"]
[EventDate "2024.06.23"]
[EventType "swiss"]
[EventCountry "MNE"]
[SourceTitle "playchess.com"]
[Source "ChessBase"]
[SourceQuality "1"]
[TimeControl "40/5400+30:1800+30"]

1. d4 Nf6 2. Nf3 e6 3. g3 b5 4. Qd3 b4 5. a3 c5 6. Bg2 Bb7 7. O-O Be4 8. Qd1 cxd4 9. Nbd2 Bb7 10. axb4 Bxb4 11. Ra4 Be7 12. Nb3 O-O 13. Na5 Be4 14. Nxd4 Bxg2 15. Kxg2 Qc7 16. Bf4 e5 17. Nf5 Bd8 18. Bg5 Nc6 19. Bxf6 Bxf6 20. Nc4 Nd4 21. Nxd4 exd4 22. b3 d5 23. Nd2 Rac8 24. Ra2 Rfe8 25. Re1 h5 26. h4 Qb6 27. Nf3 Rc3 28. Qd2 Re4 29. Ra4 Qc5 30. b4 Qc7 31. b5 d3 32. Ra2 Rxc2 33. Rxc2 dxc2 34. Rc1 Rc4 35. Qe3 Bb2 36. Qe8+ Kh7 37. Ng5+ Kg6 38. Ne6 Bxc1 39. Nxc7 Rxc7 40. g4 Bf4 41. gxh5+ Kxh5 42. Qh8+ Bh6 43. Qd8 c1=Q 44. Qxd5+ Kxh4 0-1

[Event "Srdja Dragasevic Memorial-A 2024"]
[Site "Cetinje"]
[Date "2024.06.28"]
[Round "8.17"]
[White "Slugin, Alexander"]
[Black "Nikolic, Nebojsa"]
[Result "1/2-1/2"]
[ECO "A05"]
[WhiteElo "2157"]
[BlackElo "2268"]
[Annotator "RC"]
[PlyCount "77"]
[EventDate "2024.06.23"]
[EventType "swiss"]
[EventCountry "MNE"]
[SourceTitle "playchess.com"]
[Source "ChessBase"]
[SourceQuality "1"]
[TimeControl "40/5400+30:1800+30"]

1. Nf3 c5 2. b3 Nf6 3. Bb2 g6 4. Bxf6 exf6 5. c4 d5 6. cxd5 Qxd5 7. Nc3 Qd8 8. e3 a6 9. Rc1 b6 10. Be2 Bb7 11. O-O Nd7 12. d4 Rc8 13. Bd3 Be7 14. Qe2 b5 15. Rfd1 cxd4 16. Nxd4 Qa5 17. Be4 Rxc3 18. Bxb7 Rxc1 19. Rxc1 O-O 20. Nc6 Qa3 21. Nxe7+ Qxe7 22. Bxa6 Qa3 23. Rd1 Qxa6 24. Rxd7 Ra8 25. Rd2 Qa5 26. h4 h5 27. g3 Kg7 28. Qd1 Qb4 29. Qc2 Rc8 30. Qb2 Rc3 31. Rd5 Rc5 32. Qd2 Qa3 33. Rd7 Qa8 34. Rxf7+ Kxf7 35. Qd7+ Kg8 36. Qe6+ Kh8 37. Qxf6+ Kg8 38. Qxg6+ Kh8 39. Qh6+ 1/2-1/2